Map: Base du roi Sejong EC

Players

Nostex - Winner!

  • Race: Zerg Zerg
  • League: Gold
  • Spawn Location: 11:00

zidar

  • Race: Zerg Zerg
  • League: Gold
  • Spawn Location: 5:00

VOD

Have the link to the VOD?

Description

Time

  • Played on: June 6, 2016, 3:23 p.m.
  • Length: 9:27
Show
View Real Time Build Order
Export as new Build Order

Nostex Zerg - Winner!

Build Orders: Hatch First, Lurkers 

Get SALT Encoding   

  12  0:01  Drone  
  13  0:08  Drone  
  14  0:14  Extractor  
  14  0:16  Drone  
  15  0:22  Overlord  
  15  0:40  Drone  
  16  0:53  Hatchery  
  16  0:54  Drone  
  16  0:58  Drone  
  17  1:08  Drone  
  18  1:18  Spawning Pool  
  18  1:20  Extractor  
  16  1:29  Overlord  
  16  1:31  Drone  
  17  1:38  Drone  
  18  1:42  Extractor  
  17  1:49  Drone  
  18  2:03  Drone  
  18  2:05  Queen x2  
  18  2:07  Zergling x2  
  24  2:11  Spine Crawler  
  24  2:13  Drone  
  24  2:20  Zergling x2  
  25  2:29  Zergling x4  
  27  2:37  Drone  
  27  2:40  Drone  
  29  2:47  Drone  
  30  2:52  Drone  
  30  2:53  Drone  
  30  2:57  Lair  
  30  2:58  Extractor  
  31  3:00  Zergling x2  
  32  3:06  Zergling x2  
  32  3:10  Drone  
  34  3:15  Drone x2  
  34  3:17  Roach Warren  
  34  3:19  Drone  
  36  3:30  Overlord  
  36  3:49  Zergling x6  
  36  3:52  Metabolic Boost  
  39  3:58  Drone x3  
  39  3:59  Hydralisk Den  
  41  4:04  Zergling x2  
  41  4:09  Drone  
  43  4:11  Drone  
  44  4:21  Overlord x2  
  44  4:22  Overlord  
  44  4:37  Roach, Hatchery  
  44  4:40  Hydralisk  
  44  4:43  Lurker Den  
  46  4:56  Roach  
  46  4:57  Roach, Zergling x4  
  46  4:59  Zergling x4  
  54  5:04  Glial Reconstitution  
  54  5:08  Drone  
  54  5:09  Drone  
  56  5:26  Hydralisk x2  
  60  5:31  Drone x6  
  66  5:43  Drone x2  
  66  5:48  Overlord  
  66  5:49  Overlord x2  
  68  5:57  Hydralisk x2  
  68  5:59  Zergling x4  
  68  6:03  Extractor  
  73  6:05  Drone  
  73  6:06  Extractor, Drone  
  73  6:08  Overlord  
  74  6:13  Lurker  
  75  6:29  Drone x2  
  75  6:30  Drone x3  
  80  6:34  Queen  
  80  6:37  Roach x2  
  86  6:40  Lurker x2  
  88  6:50  Drone x4  
  92  7:01  Hydralisk x4  
  100  7:13  Roach  
  100  7:14  Roach x2  
  100  7:15  Overlord x3  
  106  7:18  Overlord  
  106  7:24  Muscular Augments  
  102  7:50  Roach x4, Hydralisk x4  
  118  7:55  Drone x2  
  121  8:05  Drone x2  
  121  8:06  Drone  
  123  8:22  Lurker  
  123  8:23  Lurker x2  
  125  8:34  Zergling x4  
  125  8:35  Zergling x22  
  125  8:37  Overlord x2  
Show
View Real Time Build Order
Export as new Build Order

zidar Zerg 

Build Orders: Pool First 

Get SALT Encoding   

  12  0:01  Drone  
  13  0:12  Overlord  
  13  0:17  Drone  
  14  0:30  Drone x2  
  14  0:34  Drone  
  17  0:50  Spawning Pool, Drone  
  17  1:15  Hatchery  
  17  1:16  Drone  
  17  1:19  Extractor  
  17  1:23  Drone  
  17  1:28  Drone  
  18  1:37  Queen  
  20  1:45  Overlord  
  20  1:48  Drone  
  20  1:51  Drone  
  22  2:05  Drone  
  23  2:16  Drone  
  23  2:21  Queen  
  26  2:24  Zergling x2  
  27  2:36  Metabolic Boost  
  26  2:54  Roach Warren  
  25  3:04  Drone x8  
  33  3:27  Overlord x2  
  33  3:28  Overlord  
  33  3:45  Extractor  
  33  3:48  Zergling x16  
  40  4:12  Drone x4  
  40  4:16  Roach  
  40  4:17  Roach x4  
  54  4:31  Evolution Chamber  
  54  4:35  Roach x3  
  54  4:37  Overlord  
  54  4:38  Overlord x2  
  59  4:50  Drone  
  60  4:55  Pneumatized Carapace  
  60  4:59  Zerg Missile Weapons Level 1  
  60  5:02  Roach  
  60  5:03  Roach x4  
  70  5:11  Lair  
  70  5:29  Zergling x10  
  70  5:30  Zergling x6  
  78  6:00  Roach x3  
  78  6:03  Overlord x3  
  84  6:13  Extractor  
  84  6:16  Extractor  
  82  6:31  Evolution Chamber, Drone x5  
  86  6:46  Drone x6  
  91  7:07  Spire, Zerg Melee Weapons Level 1  
  90  7:16  Overseer  
  90  7:19  Overseer  
  90  7:30  Roach x7  
  90  7:31  Roach, Zergling x2  
  102  7:49  Zergling x12  
  108  7:57  Overlord x2  
  108  7:58  Overlord  
  106  8:23  Mutalisk x4  
  114  8:44  Ravager x3  
  114  8:45  Ravager x3  
  119  9:01  Ravager x4  
Tags
 
Composition
Lurkers
League
GoldGold
Matchup
ZvZ
Race
Zerg
Spawn Locations
Cross Positions
Add a new tag
Caveats
  • Supply blocks, unpowered buildings, or Contaminate may cause inaccurate times.
  • Supply counts are checked every 10 seconds.